[Event "*** Titled Tuesday Blitz"]
[Site "Chess.com"]
[Date "2021.03.09"]
[Round "9"]
[White "northridgehawk"]
[Black "HackingKid98"]
[Result "1-0"]
[WhiteElo "2346"]
[BlackElo "2447"]
[TimeControl "180+1"]
[EndTime "11:44:59 PST"]
[Termination "northridgehawk won by resignation"]

1. e4 c6 2. d4 d5 3. e5 Bf5 4. Nc3 e6 5. g4 Bg6 6. Nge2 h6 7.
h4 c5 8. Be3 Nd7 9. Qd2 Ne7 10.
f4 Nc6 11. h5 Bh7 12. O-O-O Qa5 13. f5 cxd4 14. Nxd4 Nxd4 15. Bxd4 Bb4 16. Kb1 Rc8 17.
Bd3 Bc5 18. Bxc5 Qxc5 19. fxe6 fxe6 20. Bxh7 Rxh7 21. Qd3 Nf8 22. Rhf1 Rh8 23. Nb5 Rc6 24. Nd6+ Rxd6 25. exd6 Qxd6 26. c4 Rg8 27. cxd5 Qxd5 28. Qe3 Qd6 29. Rxd6 1-0

[Event "*** Titled Tuesday Blitz"]
[Site "Chess.com"]
[Date "2021.03.09"]
[Round "9"]
[White "FlySooHigh"]
[Black "kai_nov"]
[Result "0-1"]
[WhiteElo "2647"]
[BlackElo "2442"]
[TimeControl "180+1"]
[EndTime "11:45:01 PST"]
[Termination "kai_nov won by resignation"]

1. e4 c5 2. Nf3 Nc6 3. Bb5 e6 4. O-O Nge7 5. c3 a6 6. Ba4 b5 7. Bc2 Bb7 8. d4 cxd4 9. Nxd4 Qc7 10. Bg5 Ng6 11. Nd2 Rc8 12. N2f3 Bc5 13. Be3 Bb6 14. h4 Nxd4 15. Bxd4 O-O 16. h5 Nf4 17. h6 Bxd4 18.
Qxd4 f6 19. hxg7 Ne2+ 0-1

[Event "*** Titled Tuesday Blitz"]
[Site "Chess.com"]
[Date "2021.03.09"]
[Round "9"]
[White "Artem_Sadovsky"]
[Black "BanjoKazooieN64"]
[Result "1-0"]
[WhiteElo "2571"]
[BlackElo "2404"]
[TimeControl "180+1"]
[EndTime "11:45:09 PST"]
[Termination "Artem_Sadovsky won by resignation"]

1. Nf3 Nf6 2. g3 g6 3. Bg2 Bg7 4. O-O O-O 5. c4 d6 6. b3 c6 7. Bb2 Qa5 8. d4 Qh5 9. Nbd2 Bh3 10. Re1 Ng4 11. e3 Nd7 12. Qe2 e5 13. Bxh3 Qxh3 14.
Qf1 Qh6 15. h3 Ngf6 16. g4 e4 17. g5 Qh5 18. gxf6 Nxf6 19. Nh2 d5 20. Qg2 Rae8 21.
Ndf1 Qf5 22. Ng4 h5 23. Ng3 Qe6 24. Nxf6+ Qxf6 25. Nxh5 gxh5 26. Ba3 Kh8 27. Bxf8 Bxf8 28. Kh1 Bd6 29. Rg1 b6 30. cxd5 cxd5 31. Qg5 Qf3+ 32. Rg2 Qxh3+ 33. Kg1 Qxg2+ 34. Kxg2 Rg8 35. Qxg8+ Kxg8 36. Rh1 f5 37. Rxh5 f4 38. Rxd5 f3+ 39. Kf1 1-0

[Event "*** Titled Tuesday Blitz"]
[Site "Chess.com"]
[Date "2021.03.09"]
[Round "9"]
[White "atwalcb"]
[Black "olksuna"]
[Result "0-1"]
[WhiteElo "2536"]
[BlackElo "2671"]
[TimeControl "180+1"]
[EndTime "11:45:21 PST"]
[Termination "olksuna won by resignation"]

1. d4 Nf6 2. Bg5 e6 3. e4 h6 4. Bxf6 Qxf6 5. c3 d6 6. Bd3 e5 7. Ne2 Qd8 8. O-O Be7 9. f4 O-O 10. Nd2 Nd7 11. Nf3 Bf6 12. Qe1 c5 13. Qg3 cxd4 14.
cxd4 Qb6 15. Kh1 Qxb2 16. Rfb1 Qa3 17. Rb3 Qa5 18. fxe5 dxe5 19. Rb5 Qa3 20. Rb3 Qe7 21. d5 Nc5 22. Rc3 Nxd3 23. Rxd3 b6 24. Rc3 Ba6 25. Qf2 Rac8 26. Rac1 Rxc3 27. Rxc3 Qb4 28. Qe1 Bxe2 0-1

[Event "*** Titled Tuesday Blitz"]
[Site "Chess.com"]
[Date "2021.03.09"]
[Round "9"]
[White "QueenOfTactics90"]
[Black "kingnb"]
[Result "0-1"]
[WhiteElo "1965"]
[BlackElo "2562"]
[TimeControl "180+1"]
[EndTime "11:45:21 PST"]
[Termination "kingnb won by resignation"]

1. e4 d5 2. exd5 Nf6 3. d4 Bg4 4. f3 Bf5 5. c4 e6 6. dxe6 Nc6 7.
exf7+ Kxf7 8. Be3 Bb4+ 9. Nc3 Re8 10. Kf2 Rxe3 11. Kxe3 Nxd4 12. Qxd4 Qe7+ 13. Kf2 Bc5 14.
Nge2 Rd8 15. Rd1 Qe5 16. Qxc5 Qxc5+ 17. Ke1 Rxd1+ 18. Nxd1 Qxc4 19. Ng3 Qb4+ 20. Kf2 Be6 21. Bd3 Qd4+ 22. Ke2 Nd5 23. Re1 Nf4+ 24. Kf1 Qxd3+ 25. Kg1 Qd2 0-1

[Event "*** Titled Tuesday Blitz"]
[Site "Chess.com"]
[Date "2021.03.09"]
[Round "9"]
[White "JiiHart"]
[Black "IECS12"]
[Result "1/2-1/2"]
[WhiteElo "2073"]
[BlackElo "2219"]
[TimeControl "180+1"]
[EndTime "11:45:31 PST"]
[Termination "Game drawn by repetition"]

1. e4 c5 2. Nf3 g6 3. d4 cxd4 4. Nxd4 Bg7 5. c4 Nc6 6. Be3 Nf6 7. Nc3 O-O 8. Be2 d6 9. O-O Nxd4 10. Bxd4 Be6 11. Bd3 Rc8 12. b3 Qa5 13. Rc1 Nd7 14. Bxg7 Kxg7 15. Qd2 a6 16. f4 Nc5 17. f5 Bd7 18.
Rf3 Bc6 19. Rh3 h5 20. Rxh5 Nxd3 21. Qh6+ Kf6 22. Qg5+ Kg7 23. Qh6+ Kf6 24. Qg5+ Kg7 25. Qh6+ 1/2-1/2

[Event "*** Titled Tuesday Blitz"]
[Site "Chess.com"]
[Date "2021.03.09"]
[Round "9"]
[White "Barbus89"]
[Black "manikoloz"]
[Result "0-1"]
[WhiteElo "2220"]
[BlackElo "2394"]
[TimeControl "180+1"]
[EndTime "11:45:31 PST"]
[Termination "manikoloz won by checkmate"]

1. Nf3 c5 2. g3 g6 3. Bg2 Bg7 4. d4 Nc6 5. d5 Nd4 6. O-O Nxf3+ 7. Bxf3 d6 8. c4 Nf6 9. Nc3 O-O 10. e4 Bh3 11.
Bg2 Bxg2 12. Kxg2 a6 13. a4 e6 14. Bf4 exd5 15. exd5 Re8 16. Re1 Qd7 17. Qf3 Ng4 18. h3 Ne5 19. Bxe5 Bxe5 20. Rab1 Bxc3 21. Qxc3 Qxa4 22.
Rxe8+ Rxe8 23. Qf6 Qxc4 24. Qxd6 Qe4+ 25. Kh2 Qxb1 26.
Qd7 Qe1 27. Kg2 Re2 28. Qc8+ Re8 29. h4 Rxc8 30. h5 Qe4+ 31. Kh2 Qf3 32. hxg6 Qxf2+ 33. Kh3 hxg6 34. Kg4 Kg7 35. Kh4 Rh8+ 36. Kg4 Qf5# 0-1

[Event "*** Titled Tuesday Blitz"]
[Site "Chess.com"]
[Date "2021.03.09"]
[Round "9"]
[White "BigAl"]
[Black "Airquake"]
[Result "1-0"]
[WhiteElo "2526"]
[BlackElo "2597"]
[TimeControl "180+1"]
[EndTime "11:45:36 PST"]
[Termination "BigAl won on time"]

1. Nf3 c5 2. g3 d5 3. Bg2 Nf6 4. O-O e6 5. d3 Bd6 6. Nbd2 d4 7. e4 dxe3 8. fxe3 Nc6 9. b3 O-O 10. Bb2 e5 11. Qe2 Bc7 12. Nh4 Bg4 13. Qf2 Nd5 14. a3 f5 15. h3 Bh5 16. Nxf5 g6 17. Nh6+ Kg7 18. Qxf8+ Qxf8 19. Rxf8 Rxf8 20. Bxd5 Kxh6 21. g4 1-0

[Event "*** Titled Tuesday Blitz"]
[Site "Chess.com"]
[Date "2021.03.09"]
[Round "9"]
[White "dodorox"]
[Black "c_r_e_e_p_e_r"]
[Result "0-1"]
[WhiteElo "2113"]
[BlackElo "2357"]
[TimeControl "180+1"]
[EndTime "11:45:49 PST"]
[Termination "c_r_e_e_p_e_r won by resignation"]

1. d4 Nf6 2. c4 e6 3. Nc3 Bb4 4. Bd2 O-O 5. e3 d5 6. Nf3 b6 7. cxd5 exd5 8. Rc1 Bb7 9. Bd3 Re8 10. Ne5 Bf8 11. O-O c5 12. f4 Nc6 13. Ne2 Ne4 14.
Bxe4 dxe4 15. Bc3 cxd4 16. Nxc6 Bxc6 17. Qxd4 Qh4 18. Be1 Qh6 19. Ng3 Bc5 20. Qc3 Bb5 21. Rf2 Rad8 22. Nf5 Qg6 23. Nd4 Bxd4 24. exd4 e3 25.
Rf3 Qe4 26. Bh4 Rxd4 27. Re1 e2 28. Bf2 Rd3 29. Rxd3 Bxd3 30. Qd2 Bc4 31. b3 Bd5 0-1

[Event "*** Titled Tuesday Blitz"]
[Site "Chess.com"]
[Date "2021.03.09"]
[Round "9"]
[White "SanQui14"]
[Black "jovencata"]
[Result "0-1"]
[WhiteElo "2339"]
[BlackElo "2184"]
[TimeControl "180+1"]
[EndTime "11:45:56 PST"]
[Termination "jovencata won by resignation"]

1. d4 a6 2. e4 b5 3. Nf3 Bb7 4. Bd3 Nf6 5. Qe2 e6 6. O-O Be7 7. Bf4 d5 8. e5 Nfd7 9. Nbd2 c5 10. c3 c4 11. Bc2 Nc6 12. Rfe1 Qc7 13. Nf1 h6 14. h4 g6 15. N3h2 Bxh4 16. Qg4 Be7 17. Ng3 O-O-O 18. Qf3 h5 19. Qe3 h4 20. Ne2 g5 21.
Bxg5 Bxg5 22. Qxg5 Rdg8 23. Qf4 Nf8 24. Ng4 Ng6 25.
Qf3 h3 26. g3 Nh4 27. gxh4 Rxh4 28. Kh2 Rhxg4 29. Rg1 Nxe5 30. dxe5 Qxe5+ 31. Ng3 d4 32. cxd4 Qxd4 33. Qxf7 R8g7 34. Qxe6+ Kb8 35. Qe8+ Kc7 36. Rgf1 Rxg3 37. fxg3 Qd2+ 38. Kxh3 Qh6+ 0-1

[Event "*** Titled Tuesday Blitz"]
[Site "Chess.com"]
[Date "2021.03.09"]
[Round "9"]
[White "MoonlighT89"]
[Black "Atco84"]
[Result "1-0"]
[WhiteElo "2602"]
[BlackElo "2445"]
[TimeControl "180+1"]
[EndTime "11:46:05 PST"]
[Termination "MoonlighT89 won by resignation"]

1. e4 c5 2. Nf3 d6 3. d4 cxd4 4. Nxd4 Nf6 5. Nc3 a6 6. Nb3 e5 7. Bg5 Be6 8. Qd2 Nbd7 9. O-O-O Be7 10. h4 h6 11. Bxf6 Nxf6 12. Kb1 b5 13. f3 h5 14. Nd5 Nxd5 15. exd5 Bd7 16. Na5 Rc8 17. Bd3 Bxh4 18. Nb7 Qc7 19. Rxh4 Qxb7 20. Qg5 g6 21. Qf6 Rg8 22. Qxd6 Qc7 23. Qf6 Bf5 24. d6 Qd8 25.
Qxe5+ Kf8 26. Bxf5 gxf5 27. Rxh5 1-0

[Event "*** Titled Tuesday Blitz"]
[Site "Chess.com"]
[Date "2021.03.09"]
[Round "9"]
[White "arminmusovic"]
[Black "kubal123"]
[Result "1-0"]
[WhiteElo "2485"]
[BlackElo "2269"]
[TimeControl "180+1"]
[EndTime "11:46:06 PST"]
[Termination "arminmusovic won by checkmate"]

1. a3 g6 2. Nc3 Bg7 3. e4 d6 4. d4 a6 5. Bg5 h6 6. Bh4 b5 7. f4 Bb7 8. Nf3 Nd7 9. e5 g5 10. fxg5 dxe5 11. g6 fxg6 12. Bd3 exd4 13. Bxg6+ Kf8 14.
O-O Ngf6 15. Nxd4 Nc5 16. b4 e5 17. Nf5 Ncd7 18. Qe1 Rg8 19. Qf2 Bh8 20. Qg3 h5 21. Rad1 Qb8 22. Rxd7 Qa7+ 23. Kh1 Nxd7 24. Be7# 1-0

[Event "*** Titled Tuesday Blitz"]
[Site "Chess.com"]
[Date "2021.03.09"]
[Round "9"]
[White "catzapto"]
[Black "gisela_roque"]
[Result "0-1"]
[WhiteElo "2071"]
[BlackElo "1760"]
[TimeControl "180+1"]
[EndTime "11:46:07 PST"]
[Termination "gisela_roque won by resignation"]

1. e4 e6 2. d4 d5 3. Nd2 c5 4. exd5 Qxd5 5. Ngf3 cxd4 6. Bc4 Qd8 7. O-O Nc6 8. Nb3 Nf6 9. Nbxd4 Nxd4 10. Nxd4 a6 11. Bg5 Qc7 12. Bb3 Bd6 13. h3 O-O 14. Bxf6 gxf6 15. Qh5 Qc5 16. Qxc5 Bxc5 17. Rad1 b6 18. c3 Bb7 19. Rfe1 Kh8 20. Bc2 f5 21. Re3 Rg8 22.
f3 f4 23. Re2 Bxf3 24. Kf2 Bxe2 25. Re1 Bh5 26. g4 fxg3+ 0-1

[Event "*** Titled Tuesday Blitz"]
[Site "Chess.com"]
[Date "2021.03.09"]
[Round "9"]
[White "anon102030"]
[Black "anon481216"]
[Result "1/2-1/2"]
[WhiteElo "2673"]
[BlackElo "2527"]
[TimeControl "180+1"]
[EndTime "11:46:09 PST"]
[Termination "Game drawn by repetition"]

1. e4 c5 2. Nc3 e6 3. g3 d5 4.
exd5 exd5 5. d4 Nc6 6. dxc5 d4 7. Qe2+ Be7 8. Ne4 Kf8 9. Bg2 Bxc5 10. Nxc5 Qa5+ 11.
Bd2 Qxc5 12. O-O-O Bf5 13. Be1 d3 14. Qd2 dxc2 15.
Qd6+ Qxd6 16. Rxd6 Nge7 17. Ne2 f6 18. Nd4 Nxd4 19.
Rxd4 Nc6 20. Rf4 Bg6 21. Be4 Bxe4 22. Rxe4 Kf7 23. Kxc2 Rhe8 24. Rxe8 Rxe8 25. Kd1 Ne5 26.
Bc3 Ng4 27. Be1 Ne5 28. Bc3 Ng4 29. Be1 Ne5 1/2-1/2

[Event "*** Titled Tuesday Blitz"]
[Site "Chess.com"]
[Date "2021.03.09"]
[Round "9"]
[White "Romadk"]
[Black "bogcsab"]
[Result "1-0"]
[WhiteElo "2323"]
[BlackElo "2154"]
[TimeControl "180+1"]
[EndTime "11:46:09 PST"]
[Termination "Romadk won by checkmate"]

1. d4 Nf6 2. Nf3 g6 3. c4 Bg7 4. Nc3 O-O 5. Bg5 Bh6 6. Bxh6 Re8 7. e3 d6 8. Be2 Nbd7 9. O-O e5 10. dxe5 dxe5 11. Bg5 c6 12. Ne4 Qe7 13. Qd6 Qxd6 14. Nxd6 Re6 15. Rfd1 Nc5 16. Bxf6 Rxf6 17. Ne8 Re6 18. Nc7 Re7 19. Nxa8 Be6 20. Nxe5 f6 21. Rd8+ Kg7 22. Nf3 Na4 23. b3 Nc3 24. Bf1 Ne4 25. Rad1 Nc3 26. R1d2 Ne4 27. R2d3 Nc5 28. Rd1 Ne4 29.
Rb8 Nc3 30. Rdd8 Nxa2 31. Re8 Kf7 32. Rxe7+ Kxe7 33. Rxb7+ Kd6 34. Rxa7 Nc1 35. b4 c5 36. b5 Nb3 37. b6 Bc8 38. b7 Bxb7 39. Rxb7 Na5 40.
Rxh7 Nc6 41. Rh6 Ke6 42. Rxg6 Kf7 43. Rh6 Kg7 44. Rh5 Kg6 45. Rxc5 Ne7 46. Rc7 Nf5 47. Bd3 Kh6 48. Bxf5 Kh5 49. Rh7# 1-0

[Event "*** Titled Tuesday Blitz"]
[Site "Chess.com"]
[Date "2021.03.09"]
[Round "9"]
[White "beto-betun"]
[Black "floplover"]
[Result "1/2-1/2"]
[WhiteElo "2215"]
[BlackElo "2301"]
[TimeControl "180+1"]
[EndTime "11:46:16 PST"]
[Termination "Game drawn by repetition"]

1. d4 d5 2. Nf3 e6 3. g3 Nf6 4. Bg2 Be7 5. O-O O-O 6. c4 dxc4 7. Ne5 Nc6 8. Bxc6 bxc6 9. Nxc6 Qe8 10. Nxe7+ Qxe7 11.
Qc2 c5 12. dxc5 Qxc5 13. Be3 Qc6 14. Na3 Bb7 15. f3 Ng4 16. Bf2 Ne5 17. Rac1 Rac8 18. Rfd1 a6 19. Rd4 Nxf3+ 20. exf3 Qxf3 21. Be1 Qe3+ 22. Bf2 Qf3 23. Be1 Qh1+ 24. Kf2 Qf3+ 25.
Kg1 1/2-1/2

[Event "*** Titled Tuesday Blitz"]
[Site "Chess.com"]
[Date "2021.03.09"]
[Round "9"]
[White "Maddie"]
[Black "Matols"]
[Result "0-1"]
[WhiteElo "2082"]
[BlackElo "2280"]
[TimeControl "180+1"]
[EndTime "11:46:17 PST"]
[Termination "Matols won by checkmate"]

1. d4 Nf6 2. e3 e6 3. Bd3 c5 4. f4 cxd4 5. exd4 d5 6. Nf3 Nc6 7. O-O Ne4 8. Nbd2 f5 9. Ne5 Nxd4 10. Qh5+ g6 11. Nxg6 hxg6 12. Qxh8 Qb6 13. Nxe4 dxe4 14. Be3 Ne2+ 15. Bxe2 Qxe3+ 16. Kh1 Qxe2 17. Qf6 Bd7 18. Qxg6+ Kd8 19. Qf6+ Kc7 20. Qc3+ Bc6 21. Qe5+ Bd6 22.
Qxe6 Rh8 23. Rad1 Rxh2+ 24. Kxh2 Qh5+ 25. Kg3 Qg4+ 26. Kf2 Bc5+ 27. Ke1 Qg3+ 28. Ke2 Qe3# 0-1

[Event "*** Titled Tuesday Blitz"]
[Site "Chess.com"]
[Date "2021.03.09"]
[Round "9"]
[White "Sam_ChessMood"]
[Black "Szparu"]
[Result "1-0"]
[WhiteElo "2873"]
[BlackElo "2651"]
[TimeControl "180+1"]
[EndTime "11:46:19 PST"]
[Termination "Sam_ChessMood won by resignation"]

1. Nf3 Nf6 2. d4 g6 3. Nbd2 d5 4. e3 Bg7 5. b4 O-O 6. Be2 a5 7. b5 Nbd7 8. O-O Re8 9. Bb2 Nb6 10. c4 dxc4 11. Nxc4 Nbd5 12. Rc1 Bf5 13. Nfe5 Nd7 14.
Nd3 N5b6 15. Nxb6 cxb6 16. Bf3 Rb8 17. e4 Bxe4 18. Bxe4 Nf6 19. Bf3 Nd5 20. Qb3 Nc7 21. Ne5 e6 22. Rfd1 Bf8 23. h3 Bd6 24. d5 Qg5 25. dxe6 Rxe6 26. Rxd6 Rxe5 27. Rxc7 Re1+ 28. Kh2 Qf4+ 29. g3 Qxf3 30. Qxf3 1-0

[Event "*** Titled Tuesday Blitz"]
[Site "Chess.com"]
[Date "2021.03.09"]
[Round "9"]
[White "NateSolon"]
[Black "Lion-Al-Messi"]
[Result "0-1"]
[WhiteElo "2595"]
[BlackElo "2508"]
[TimeControl "180+1"]
[EndTime "11:46:20 PST"]
[Termination "Lion-Al-Messi won by resignation"]

1. d4 d5 2. c4 c6 3. Nf3 Nf6 4. g3 g6 5. Bg2 Bg7 6. O-O O-O 7. cxd5 cxd5 8. Ne5 Nbd7 9. Nc3 Nb6 10. Bf4 Bf5 11. a4 a5 12. Qb3 e6 13. Rac1 Nfd7 14. Nxd7 Nxd7 15. Nb5 Rc8 16. Bd6 Re8 17. Nc7 Bxd4 18. Nxe8 Qxe8 19. Qxb7 Nc5 20. Bxc5 Bxc5 21. e4 dxe4 22.
Bxe4 Rb8 23. Qc6 Qxc6 24. Bxc6 Bd4 25. Bb5 Bxb2 26. Rc7 Rd8 27. Ra7 Rd2 28. Rd7 Bd4 29. Bc6 e5 30. Bd5 Bxd7 0-1

[Event "*** Titled Tuesday Blitz"]
[Site "Chess.com"]
[Date "2021.03.09"]
[Round "9"]
[White "korkmaz16"]
[Black "enriquebutti"]
[Result "1-0"]
[WhiteElo "2444"]
[BlackElo "2228"]
[TimeControl "180+1"]
[EndTime "11:46:22 PST"]
[Termination "korkmaz16 won by resignation"]

1. e4 c5 2. Nf3 d6 3. Bb5+ Bd7 4. Bxd7+ Qxd7 5. O-O Nc6 6. c3 Nf6 7. d4 cxd4 8. cxd4 d5 9. e5 Ng8 10. Re1 e6 11. Nc3 h5 12. Bg5 Nh6 13. Nh4 g6 14. Bf6 Rg8 15. Nf3 Nf5 16. Ne2 Be7 17. Bxe7 Qxe7 18. Ng3 Qb4 19. Nxf5 gxf5 20. a3 Qb6 21. b4 Rg4 22. h3 Re4 23. Qa4 Kf8 24. Rad1 Rc8 25. b5 Na5 26. Qb4+ Kg7 27. Qe7 Nb3 28.
Ng5 Rxe1+ 29. Rxe1 Qc7 30. Nxe6+ 1-0

[Event "*** Titled Tuesday Blitz"]
[Site "Chess.com"]
[Date "2021.03.09"]
[Round "9"]
[White "politeplayer"]
[Black "MaevskiyNikolay"]
[Result "0-1"]
[WhiteElo "2273"]
[BlackElo "2502"]
[TimeControl "180+1"]
[EndTime "11:46:26 PST"]
[Termination "MaevskiyNikolay won on time"]

1. d4 a6 2. e4 b5 3. Bd3 Bb7 4. Nf3 e6 5. O-O c5 6. c3 Nf6 7. e5 Nd5 8. Nbd2 Nc6 9. dxc5 Bxc5 10. Ne4 Be7 11. Bg5 O-O 12. Bxe7 Qxe7 13. Nd6 Rab8 14. Nxb7 Rxb7 15. Qc2 h6 16. Bh7+ Kh8 17. Be4 Qc5 18.
Bxd5 Qxd5 19. Rfd1 Qc5 20. Qe4 Rc7 21. Rd2 Ne7 22. Rad1 Nd5 23. g3 f5 24. exf6 Nxf6 25. Qe5 Qc6 26. Nh4 Kg8 27. Ng6 Rf7 28. h3 Ne4 29. Re2 Ng5 30. Nh4 Nxh3+ 31. Kh2 Nxf2 0-1

[Event "*** Titled Tuesday Blitz"]
[Site "Chess.com"]
[Date "2021.03.09"]
[Round "9"]
[White "dretch"]
[Black "Duhless"]
[Result "0-1"]
[WhiteElo "2850"]
[BlackElo "3022"]
[TimeControl "180+1"]
[EndTime "11:46:28 PST"]
[Termination "Duhless won by resignation"]

1. d4 Nf6 2. c4 c5 3. d5 b5 4. Nf3 g6 5. Nfd2 b4 6. e4 d6 7. a3 Bg7 8. axb4 cxb4 9. Qa4+ Nbd7 10. Qxb4 O-O 11. Be2 Nc5 12. Nc3 Bg4 13. Qa5 Qc8 14.
b4 Bxe2 15. bxc5 Bd3 16. f3 Ng4 17. c6 Ne3 18. Kf2 Bd4 19. Nb3 Nd1+ 20. Kg3 Bf2+ 21. Kf4 e5+ 22. Kg5 f6+ 23. Kh6 Rf7 0-1

[Event "*** Titled Tuesday Blitz"]
[Site "Chess.com"]
[Date "2021.03.09"]
[Round "9"]
[White "wonderfultime"]
[Black "ural58"]
[Result "1-0"]
[WhiteElo "2949"]
[BlackElo "2576"]
[TimeControl "180+1"]
[EndTime "11:46:28 PST"]
[Termination "wonderfultime won on time"]

1. d4 d5 2. Nf3 Nc6 3. Bf4 Bg4 4. Nbd2 e6 5. c3 Bd6 6. Bg3 f5 7. e3 Qf6 8. Qb3 Nge7 9. Qxb7 Rb8 10. Qa6 Rxb2 11. Bb5 O-O 12. Bxc6 Rb6 13. Qxa7 Nxc6 14. Qa4 f4 15. exf4 Bxf4 16. O-O Rfb8 17. Rfe1 g5 18. h3 Bf5 19. Nf1 Be4 20. N3d2 Bd3 21. Nh2 Bxd2 22. Ng4 Qg7 23. Rxe6 Ra6 24. Qd1 Bxc3 25. Qxd3 Bxa1 26. Qxa6 Nd8 27. Nh6+ Kh8 28. Re8+ 1-0

[Event "*** Titled Tuesday Blitz"]
[Site "Chess.com"]
[Date "2021.03.09"]
[Round "9"]
[White "Ajedrez_con_German"]
[Black "Saxar85"]
[Result "0-1"]
[WhiteElo "2540"]
[BlackElo "2754"]
[TimeControl "180+1"]
[EndTime "11:46:28 PST"]
[Termination "Saxar85 won by resignation"]

1. b3 Nf6 2. Bb2 g6 3. Bxf6 exf6 4. c4 b6 5. Nf3 Bb7 6. g3 f5 7. Nc3 Bg7 8. Bg2 O-O 9. O-O d6 10. Rc1 Nd7 11. e3 Nc5 12. d4 Ne4 13. Nd2 Re8 14. Qc2 Nxc3 15. Qxc3 Bxg2 16. Kxg2 c5 17. Nf3 d5 18.
cxd5 cxd4 19. Nxd4 Qxd5+ 20. Kg1 Rad8 21. Rfd1 Re4 22. Qc4 Bxd4 23. Qxd5 Rxd5 24. Rc4 Ra5 25. exd4 Rxa2 26. d5 Rxc4 27. bxc4 Kf8 28. d6 Ke8 29. Re1+ Kd7 30. Re7+ Kxd6 31. Rxf7 a5 32. Rxh7 a4 33. Rb7 Kc5 34. Rc7+ Kd4 35. Rc6 Rb2 36. Rxg6 a3 37. Rd6+ Kxc4 0-1

[Event "*** Titled Tuesday Blitz"]
[Site "Chess.com"]
[Date "2021.03.09"]
[Round "9"]
[White "AldokhinIvan"]
[Black "13MiRacLe"]
[Result "0-1"]
[WhiteElo "2514"]
[BlackElo "2680"]
[TimeControl "180+1"]
[EndTime "11:46:29 PST"]
[Termination "13MiRacLe won by resignation"]

1. e4 e5 2. Nf3 Nc6 3. Bb5 a6 4. Ba4 Nf6 5. O-O b5 6. Bb3 Bc5 7. Nxe5 Nxe5 8. d4 Bxd4 9. Qxd4 d6 10. f4 c5 11. Qc3 Ned7 12. e5 Ne4 13. Qf3 Bb7 14.
Nc3 Nxc3 15. Qxb7 Ne2+ 16. Kh1 Nxc1 17. Bxf7+ Kxf7 18. Qd5+ Kf8 19. Raxc1 Nb6 20. Qc6 Rc8 21. Qb7 Qc7 22. Qxa6 Qc6 23. Rce1 Ra8 0-1

[Event "*** Titled Tuesday Blitz"]
[Site "Chess.com"]
[Date "2021.03.09"]
[Round "9"]
[White "GigaQuparadze"]
[Black "dozer80"]
[Result "1-0"]
[WhiteElo "2956"]
[BlackElo "2625"]
[TimeControl "180+1"]
[EndTime "11:46:31 PST"]
[Termination "GigaQuparadze won by resignation"]

1. e4 c5 2. Ne2 e6 3. Nbc3 d6 4. g3 Nc6 5. Bg2 Nf6 6. d4 cxd4 7. Nxd4 Be7 8. O-O O-O 9. h3 a6 10. Re1 Bd7 11. Nb3 b5 12. f4 Rc8 13. g4 b4 14. Ne2 d5 15. e5 Ne4 16. Ned4 a5 17.
Nxc6 Bxc6 18. Nd4 Bb7 19. Be3 Re8 20. Qe2 Bh4 21. Red1 f6 22. Bxe4 dxe4 23. Nf5 exf5 24. Rxd8 Rcxd8 25. gxf5 fxe5 26. Rd1 exf4 27. Bxf4 Bf6 28.
Qc4+ Kh8 29. Rxd8 Rxd8 30. Qc7 Ba6 31. Be5 Rd1+ 32. Kh2 Rd2+ 33. Kg3 h5 34. Bxf6 gxf6 35. Qb6 h4+ 36. Kxh4 1-0

[Event "*** Titled Tuesday Blitz"]
[Site "Chess.com"]
[Date "2021.03.09"]
[Round "9"]
[White "Iball95"]
[Black "dropstoneDP"]
[Result "0-1"]
[WhiteElo "2653"]
[BlackElo "2890"]
[TimeControl "180+1"]
[EndTime "11:46:32 PST"]
[Termination "dropstoneDP won on time"]

1. e4 c5 2. Nf3 d6 3. Nc3 Nf6 4.
d4 cxd4 5. Nxd4 a6 6. h3 e5 7. Nb3 Be7 8. g4 h6 9. Be3 Nbd7 10. a4 b6 11. Bg2 Bb7 12. O-O Nf8 13. f4 exf4 14. Bxf4 Ng6 15. Be3 O-O 16. Nd5 Nxd5 17. exd5 Bg5 18. Bf2 Re8 19. Qd4 Nf4 20. Qxb6 Ne2+ 21. Kh1 Ng3+ 22. Kh2 Nxf1+ 23. Rxf1 Qxb6 24. Bxb6 Re2 25. Nd4 Rd2 26. Kh1 Be3 27. Nb3 Rxg2 28. Bxe3 Bxd5 29. c4 Bb7 30. Na5 Rxb2+ 31. Nxb7 Rxb7 32.
Rd1 Rc8 33. Rxd6 Rxc4 34. Rxa6 Rc2 35. Rb6 Rd7 36. Rb1 Rd3 37. Bb6 Rxh3+ 0-1

[Event "*** Titled Tuesday Blitz"]
[Site "Chess.com"]
[Date "2021.03.09"]
[Round "9"]
[White "Trickster_Pony"]
[Black "esrosenberg"]
[Result "0-1"]
[WhiteElo "1476"]
[BlackElo "2126"]
[TimeControl "180+1"]
[EndTime "11:46:35 PST"]
[Termination "esrosenberg won by checkmate"]

1. c4 e5 2. g3 Nc6 3. Bg2 f5 4.
Nc3 Nf6 5. e3 Bb4 6. Nge2 O-O 7.
O-O d6 8. b3 f4 9. exf4 Bg4 10. h3 Bf5 11. fxe5 dxe5 12. Bb2 Bd3 13. Nd5 Bc5 14. Nxf6+ Qxf6 15. Qe1 Rad8 16. Bd5+ Rxd5 17. cxd5 Qf3 18. Nc3 Qxg3+ 19. Kh1 Qxh3+ 20. Kg1 Qg3+ 21. Kh1 Bxf2 22. Rxf2 Rxf2 23. Qe3 Qg2# 0-1

[Event "*** Titled Tuesday Blitz"]
[Site "Chess.com"]
[Date "2021.03.09"]
[Round "9"]
[White "Korchmar_Vasiliy"]
[Black "FMJoseHerrera"]
[Result "1-0"]
[WhiteElo "2641"]
[BlackElo "2517"]
[TimeControl "180+1"]
[EndTime "11:46:38 PST"]
[Termination "Korchmar_Vasiliy won by resignation"]

1. h4 d5 2. h5 h6 3. a4 c5 4. a5 a6 5. g3 Nc6 6. Bg2 e5 7. c4 Nf6 8. cxd5 Nxd5 9. Nc3 Ndb4 10. Nf3 Be7 11. d3 O-O 12. Be3 Nd4 13. O-O Ndc2 14. Rc1 Nxe3 15. fxe3 f6 16. Nh4 Bg4 17. Qb3+ Rf7 18.
Nd5 Bxh5 19. Nxb4 cxb4 20. Bd5 Rc8 21. g4 Rc5 22. Rxc5 Bxc5 23. gxh5 Bxe3+ 24. Kg2 Qd7 25. Nf5 e4 26. Bxf7+ Kh7 27. Bg6+ Kh8 28. Qf7 Qxf5 1-0

[Event "*** Titled Tuesday Blitz"]
[Site "Chess.com"]
[Date "2021.03.09"]
[Round "9"]
[White "davidkalashian"]
[Black "Aslanov_Umid"]
[Result "1-0"]
[WhiteElo "2580"]
[BlackElo "2409"]
[TimeControl "180+1"]
[EndTime "11:46:41 PST"]
[Termination "davidkalashian won by checkmate"]

1. d4 d5 2. Nf3 Nf6 3. c4 e6 4. Nc3 c6 5. Qd3 Be7 6. e4 dxe4 7. Nxe4 Nbd7 8. Bd2 O-O 9. O-O-O Nxe4 10. Qxe4 Nf6 11. Qc2 a5 12. Bd3 a4 13. g4 b5 14. g5 Nh5 15.
Bxh7+ Kh8 16. Be4 Ra6 17. Rhg1 b4 18. Qd3 b3 19. a3 Bd6 20. Rg4 f5 21. gxf6 Nxf6 22.
Rh4+ Kg8 23. Ng5 Nxe4 24. Rh8+ Kxh8 25. Qh3+ Kg8 26. Qh7# 1-0

[Event "*** Titled Tuesday Blitz"]
[Site "Chess.com"]
[Date "2021.03.09"]
[Round "9"]
[White "halldorgretar"]
[Black "OMGCovid-19"]
[Result "1-0"]
[WhiteElo "2241"]
[BlackElo "2071"]
[TimeControl "180+1"]
[EndTime "11:46:44 PST"]
[Termination "halldorgretar won by resignation"]

1. d4 e6 2. c4 f5 3. Nf3 Nf6 4. g3 Bb4+ 5. Bd2 Bxd2+ 6. Nbxd2 b6 7. Bg2 Bb7 8. O-O O-O 9. Re1 d6 10. Qc2 Ne4 11. h4 Nd7 12. Ng5 Nxg5 13. Bxb7 Rb8 14. Bc6 Nf7 15. e4 f4 16. Bxd7 Qxd7 17. Kg2 e5 18.
Nf3 Qg4 19. d5 g5 20. Nh2 f3+ 21. Nxf3 gxh4 22. Nxh4 Ng5 23. Qe2 Nf3 24. Nxf3 Rf7 25. Nh4 Qg5 26. Rh1 Rbf8 27. Raf1 Rf4 28. Nf5 Rg4 29.
Qxg4 Qxg4 30. Nh6+ 1-0